AoeStats
← Dr Janemba

Black Forest

505048296Analyzed
4v4 RM · 24d ago on Sep 7, 2026· 43m 37s· 8 players
Game mode
Random Map
Map size
Large (8 player)
Population
200
Speed
Normal
Resources
Standard
Victory
Conquest
Starting age
Dark Age
Ending age
Imperial Age
RankedLock teamsTeams togetherTeam positionsShared explorationLock speedFull tech treeHidden civsTurbo modeCheats
Victory
Defeat
🇺🇸 Georgians · United States
1426
+16
🇮🇳 Persians · India
1407
+16
🇮🇳 Bohemians · India
1406
+16
🇺🇸 Spanish · United States
1196
+25
🇺🇸 Franks · United States
1422
-19
🇩🇪 Koreans · Germany
1413
-18
🇹🇷 Britons · Türkiye
1411
-18
1390
-18
RandomBlobfish
11:24 Feudal Age
15:30 Castle Age
13:36 Double-Bit Axe
16:33 Bow Saw
17:27 Horse Collar
18:16 Loom
20:30 Wheelbarrow
22:12 Heavy Plow
23:37 Hand Cart
25:17 Gold Mining
25:22 Stone Mining
25:31 Town Watch
27:31 Stone Shaft Mining
27:36 Gold Shaft Mining
30:01 Imperial Age
28:39 Fortified Wall
30:04 Ballistics
29:35 Fletching
29:25 Pikeman
30:06 Squires
30:07 Scale Mail Armor
30:20 Town Patrol
30:31 Bodkin Arrow
30:03 Heavy Rocket Cart
31:44 Chemistry
30:39 Halberdier
31:36 Bracer
32:38 Conscription
33:08 Scale Mail Armor
33:56 Siege Engineers
33:49 Treadmill Crane
34:19 Masonry
34:00 Arrowslits
35:05 Chain Mail Armor
37:16 Plate Mail Armor
Dr Janemba
4:26 Loom
11:40 Feudal Age
12:20 Double-Bit Axe
16:53 Castle Age
15:37 Gold Mining
17:57 Wheelbarrow
19:11 Bow Saw
32:23 Imperial Age
31:21 Scale Barding Armor
31:28 Forging
31:30 Husbandry
33:09 Chain Barding Armor
32:29 Cavalier
34:05 Ballistics
34:46 Chemistry
33:42 Murder Holes
33:58 Masonry
34:52 Gold Shaft Mining
34:28 Paladin
38:37 Plate Barding Armor
38:38 Iron Casting
38:47 Stone Mining
42:54 Blast Furnace
41:55 Scale Mail Armor
41:45 Fletching
41:56 Padded Archer Armor
Smiling Cat | 웃는 고양이
1:05 Loom
12:26 Feudal Age
16:21 Castle Age
15:18 Horse Collar
16:38 Double-Bit Axe
20:40 Fletching
27:23 Fortified Wall
28:46 Bow Saw
28:34 Bodkin Arrow
29:14 Crossbowman
29:59 Thumb Ring
29:56 Padded Archer Armor
31:14 Leather Archer Armor
32:02 Ballistics
31:43 Gold Mining
35:45 Imperial Age
34:47 Gold Shaft Mining
35:26 Scale Mail Armor
35:46 Squires
37:03 Wheelbarrow
37:05 Chain Mail Armor
37:01 Forging
38:36 Pikeman
39:23 Scale Barding Armor
39:48 Plate Mail Armor
39:24 Halberdier
40:47 Conscription
41:38 Coiled Serpent Array
g_ermeric
9:31 Loom
11:17 Feudal Age
15:55 Castle Age
13:41 Double-Bit Axe
14:30 Fletching
15:32 Horse Collar
16:59 Padded Archer Armor
16:58 Bodkin Arrow
21:02 Ballistics
23:28 Padded Archer Armor
27:22 Wheelbarrow
32:13 Imperial Age
30:58 Leather Archer Armor
31:16 Bow Saw
32:52 Yeomen
32:42 Gold Mining
33:05 Town Watch
35:24 Elite Longbowman
36:16 Bracer
37:40 Conscription
39:06 Chemistry
39:25 Capped Ram
callofvalhalla
1:47 Loom
12:08 Feudal Age
13:23 Double-Bit Axe
16:07 Castle Age
13:57 Horse Collar
17:18 Bow Saw
19:56 Town Watch
20:55 Wheelbarrow
23:37 Hand Cart
25:59 Heavy Plow
25:50 Gold Mining
25:51 Stone Mining
26:07 Fletching
30:38 Imperial Age
28:18 Bodkin Arrow
28:37 Scale Barding Armor
29:09 Guard Tower
29:40 Ballistics
29:30 Masonry
29:01 Treadmill Crane
30:16 Scale Mail Armor
30:26 Forging
30:19 Squires
29:39 Pikeman
31:36 Stone Shaft Mining
31:33 Svan Towers
31:59 Conscription
32:03 Chain Mail Armor
32:05 Bracer
33:22 Keep
32:13 Halberdier
33:59 Plate Mail Armor
34:05 Iron Casting
35:01 Arrowslits
36:16 Chemistry
35:48 Architecture
39:49 Coinage
40:18 Heavy Scorpion
sidhaarth.chari1997
1:00 Loom
13:43 Feudal Age
17:46 Castle Age
16:26 Double-Bit Axe
16:27 Horse Collar
19:26 Fletching
35:03 Scale Mail Armor
39:40 Gold Mining
42:32 Wheelbarrow
41:43 Town Watch
42:10 Heavy Plow
42:45 Bow Saw
44:03 Wheelbarrow
43:13 Town Watch
RequiemOfSpirit
1:08 Loom
11:46 Feudal Age
15:35 Castle Age
16:49 Double-Bit Axe
17:03 Horse Collar
25:36 Town Watch
26:27 Wheelbarrow
27:01 Bow Saw
31:24 Imperial Age
30:52 Fervor
31:44 Chemistry
31:04 Bow Saw
30:55 Heavy Plow
31:27 Padded Archer Armor
32:45 Leather Archer Armor
32:49 Fletching
34:05 Siege Engineers
34:17 Bodkin Arrow
37:14 Bombard Tower
39:07 Two-Man Saw
39:13 Ring Archer Armor
39:58 Bracer
40:20 Ballistics
40:55 Houfnice
42:56 Conscription
echO48
11:32 Feudal Age
15:38 Castle Age
13:59 Horse Collar
14:48 Double-Bit Axe
21:32 Wheelbarrow
20:43 Town Watch
21:41 Bow Saw
22:00 Heavy Plow
23:26 Hand Cart
24:18 Stone Mining
24:20 Gold Mining
26:23 Loom
29:55 Imperial Age
28:18 Gold Shaft Mining
28:44 Scale Barding Armor
28:50 Forging
29:48 Chain Barding Armor
30:59 Iron Casting
31:00 Conscription
30:01 Elite War Elephant
30:48 Husbandry
30:58 Bloodlines
33:13 Crop Rotation
33:27 Plate Barding Armor
33:53 Blast Furnace
Connection lost

Rejoining the realm…

Still unreachable

The connection could not be restored.

Session expired

The server has moved on; the page needs a fresh start.